 Dungeon Crawl Stone Soup version 0.27-a0-1308-gc08437e49b (webtiles) character file.

Game seed: 16337938011419509542

1235 spiderkeys the Cutter (level 8, 0/51 HPs)
             Began as a Kobold Abyssal Knight on June 18, 2021.
             Was a Priest of Lugonu.
             Slain by a gnoll (5 damage)
             ... on level 5 of the Dungeon.
             The game lasted 00:13:52 (9017 turns).

spiderkeys the Cutter (Kobold Abyssal Knight)       Turns: 9017, Time: 00:13:52

Health: 0/51       AC:  4    Str:  9    XL:     8   Next: 77%
Magic:  11/11      EV: 16    Int: 13    God:    Lugonu [***...]
Gold:   169        SH:  0    Dex: 17    Spells: 7/7 levels left

rFire    . . .     SeeInvis .   y - +0 dagger (elec)
rCold    . . .     Faith    .   (shield restricted)
rNeg     . . .     Spirit   .   b - +0 leather armour
rPois    .         Reflect  .   (no helmet)
rElec    .         Harm     .   B - +0 cloak
rCorr    .         Rampage  .   (no gloves)
Will     .....                  (no boots)
Stlth    ++++......             (no amulet)
HPRegen  0.17/turn              (no ring)
MPRegen  0.12/turn              (no ring)

@: no status effects
A: small, no large weapons, nightstalker 3
a: Renounce Religion, Depart the Abyss, Bend Space, Banish


You were on level 5 of the Dungeon.
You worshipped Lugonu.
Lugonu was most pleased with you.
You visited 1 branch of the dungeon, and saw 5 of its levels.
You visited the Abyss 1 time.

You collected 281 gold pieces.
You spent 112 gold pieces at shops.


Innate Abilities, Weirdness & Mutations

You are small and have problems with some larger weapons.
You are completely attuned to the shadows.


   Skills:
 + Level 5.8 Fighting
 + Level 6.3 Short Blades
 - Level 0.7 Armour
 + Level 5.7 Dodging
 + Level 6.0 Stealth
 + Level 5.3 Invocations


You had 7 spell levels left.
You didn't know any spells.
Your spell library contained the following spells:

 Spells                   Type           Power      Damage    Failure   Level
 Beastly Appendage        Tmut           0%         N/A       38%         1
 Static Discharge         Conj/Air       0%         N/A       54%         2
 Wereblood                Tmut           0%         N/A       54%         2
 Spider Form              Tmut/Pois      0%         N/A       77%         3
 Ice Form                 Ice/Tmut       0%         N/A       99%         4
 Lightning Bolt           Conj/Air       0%         1d11      100%        5
 Ignition                 Fire           0%         3d3       100%        8
 Polar Vortex             Ice            0%         N/A       100%        9
 Shatter                  Erth           0%         3d5*      100%        9

Inventory:

Hand Weapons
 a - a +1 short sword
 d - a +0 hunting sling
   (You found it on level 1 of the Abyss)
 i - a +1 whip of electrocution
   (You took it off a kobold on level 1 of the Dungeon)
 y - a +0 dagger of electrocution (weapon)
   (You took it off an orc wizard on level 5 of the Dungeon)
 C - a +2 dagger of draining
   (You took it off Dowan on level 5 of the Dungeon)
Missiles
 e - 114 bolts
 k - 177 stones
 m - 54 arrows
 n - 9 boomerangs
 o - 11 poisoned darts
 q - 22 sling bullets
Armour
 b - a +0 leather armour (worn)
 u - a scarf of resistance
   (You found it on level 4 of the Dungeon)
 B - a +0 cloak (worn)
   (You found it on level 5 of the Dungeon)
Wands
 h - a wand of paralysis (2)
   (You found it on level 3 of the Dungeon)
 r - a wand of flame (14)
   (You found it on level 4 of the Dungeon)
 x - a wand of iceblast (4)
   (You found it on level 4 of the Dungeon)
Scrolls
 g - 2 scrolls of noise {!r}
 j - a scroll of torment {!r}
 p - a scroll of teleportation {@r4}
 t - a scroll of fear
Potions
 c - a potion of ambrosia
 f - a potion of brilliance
 l - 2 potions of lignification {unknown}
 v - a potion of heal wounds {@q2}
 w - 4 potions of curing {@q1}
 z - a potion of degeneration {unknown}
 A - 2 potions of cancellation {unknown}

Dungeon Overview and Level Annotations

Branches:
Dungeon (5/15)
 Temple: D:4-7

Altars:
Okawaru

Shops:
D:1 *   D:3 (   D:4 !

Annotations:
Abyss:1 Duvessa

...h... ≈≈≈h≈ ≈≈≈
##### #.@l# #####
######oZS# #.).#
+....#g###
..########.)..#g#
..#........)..#(#
≈.........#''##(#
≈.........#.....#
..#.......#...).#
#########'#####.#


You could see 2 gnolls, an orc (ally target), 2 jackals, a friendly iguana
(summoned), a friendly adder (summoned) and a friendly hound skeleton
(summoned).


Message History

You hit the hound. The hound closely misses you.
You closely miss the hound. The hound barely misses you.
You completely miss the hound. The hound closely misses you.
You miss the hound. The hound misses you. Space bends sharply around you!
The hound blinks!
You blink. 😱 HP[-2] MP[-1]
You take 2 damage, and now have 9/51 hp.
You lost 1 mp, and now have 10/11 mp.
You start resting.
A hound is nearby!
Throw: throwing net {=f!f}
Press: ? - help, Shift-Dir - straight line, f - hound
Aim: a hound (lightly wounded, 51% to hit)
You throw a throwing net {=f!f}. 😱 HP[+1]
The hound misses you.
Things that are here:
a +0 whip; a +0 falchion; an orc skeleton
Okay, then.
There's a creature in the doorway!
Aiming: Paralyse
Press: ? - help, Shift-Dir - straight line, f - hound
Aim: a hound (lightly wounded, chance to affect: 54%)
The hound suddenly stops moving!
The helpless hound fails to defend itself.
You stick the hound like a pincushion!!!
You kill the hound!
Lugonu accepts your kill.
A gnoll comes into view. It is wielding a +0 club.
Your Stealth skill increases to level 6!
Throw: 17 darts (poison)
Press: ? - help, Shift-Dir - straight line, f - gnoll
Aim: a gnoll, wielding a +0 club (65% to hit)
You throw a poisoned dart. The poisoned dart hits the gnoll.
The gnoll is poisoned.
Throw: 16 darts (poison)
Press: ? - help, Shift-Dir - straight line, f/p - gnoll
Aim: a gnoll, wielding a +0 club (poisoned, 65% to hit)
You throw a poisoned dart.
The poisoned dart hits the gnoll. 😱 MP[+1]
Your mp is fully restored (11).
Throw: 15 darts (poison)
Press: ? - help, Shift-Dir - straight line, f/p - gnoll
Aim: a gnoll, wielding a +0 club (poisoned, 65% to hit)
You throw a poisoned dart. The poisoned dart hits the gnoll.
A gnoll comes into view. It is wielding a +0 flail. 😱 HP[+1]
You hit the gnoll but do no damage. Lightning courses through the gnoll!
You kill the gnoll!
Lugonu accepts your kill.
An orc comes into view. It is wielding a +0 whip.
Throw: 14 darts (poison)
Press: ? - help, Shift-Dir - straight line, f - gnoll
Aim: a gnoll, wielding a +0 flail (65% to hit)
You throw a poisoned dart. The poisoned dart hits the gnoll.
The gnoll is poisoned.
Throw: 13 darts (poison)
Press: ? - help, Shift-Dir - straight line, f/p - gnoll
Aim: a gnoll, wielding a +0 flail (poisoned, 65% to hit)
You throw a poisoned dart. The poisoned dart hits the gnoll.
The gnoll looks even sicker.
The sentinel's mark upon you fades away.
An orc comes into view. It is wielding a +0 club.
You hit the gnoll but do no damage. The gnoll misses you.
A gnoll comes into view. It is wielding a +0 spear.
You hit the gnoll. You hit the gnoll. The gnoll barely misses you.
You hit the gnoll but do no damage. Lightning courses through the gnoll!
You kill the gnoll!
Lugonu accepts your kill.
Throw: 12 darts (poison)
Press: ? - help, Shift-Dir - straight line, f - orc
Aim: an orc, wielding a +0 whip (62% to hit)
You throw a poisoned dart.
The poisoned dart barely misses the orc.
The poisoned dart barely misses the orc.
The poisoned dart hits the gnoll.
The gnoll is poisoned. 😱 HP[+1]
You hit the orc but do no damage.
A gnoll comes into view. It is wielding a +0 whip.
The orc hits you with a +0 whip.
* * * LOW HITPOINT WARNING * * *
😱 HP[-2]
You take 2 damage, and now have 10/51 hp.
The jackal barks!
You hit the orc. Lightning courses through the orc!
You kill the orc!
Lugonu accepts your kill.
You hear a bark!
The orc hits you with a +0 club.
* * * LOW HITPOINT WARNING * * *
You hear a bark! x2 😱 HP[-5]
You take 5 damage, and now have 5/51 hp.
As you read the scroll of summoning, it crumbles to dust.
Wisps of shadow whirl around you...
The gnoll hits you from afar with a +0 spear.
You die...

Skill      XL: |  1  2  3  4  5  6  7  8 |
---------------+-------------------------+-----
Short Blades   | 3 4 5 6 |  6.3
Stealth        | 1 2 3 5 6 |  6.0
Dodging        | 3 4 5 |  5.7
Invocations    | 3 4 5 |  5.3
Fighting       | 4 5 |  5.8
Armour         | |  0.7

Action                   |  1- 3 |  4- 6 |  7- 9 || total
-------------------------+-------+-------+-------++-------
Melee: Short sword       |    98 |       |       ||    98
       Whip              |    24 |   193 |    43 ||   260
       Dagger            |       |       |   129 ||   129
Throw: Dart              |       |     1 |    13 ||    14
       Throwing net      |       |       |     2 ||     2
       Boomerang         |       |       |     1 ||     1
Invok: Depart the Abyss  |     1 |       |       ||     1
       Bend Space        |       |     2 |    11 ||    13
       Banish            |       |       |     1 ||     1
Evoke: Wand              |       |     1 |     9 ||    10
  Use: Scroll            |     5 |     3 |     5 ||    13
 Stab: Sleeping          |    13 |    19 |     6 ||    38
       Paralysed         |       |     1 |     2 ||     3
Armor: Leather armour    |    37 |    28 |    24 ||    89
Dodge: Dodged            |    94 |   137 |   126 ||   357

Levels and vault maps discovered:
D:1:      dpeg_arrival_tiny_f, layout_loops_corners, serial_glass,
          glass_columns_b, glass_columns_a, chequers_ecumenical_altar_twisty,
          serial_shops, nicolae_shop_statue_plus, st_stairs_10
D:2:      layout_rooms, grunt_ministairs_14
D:3:      layout_basic, serial_shops, shop
D:4:      layout_cave_pods, serial_shops, shop
D:5:      lemuel_castle_with_subvaults [lemuel_castle_interior_carwin_3],
          layout_basic, amcnicky_altar_gilded, guppyfry_early_lair_pool,
          uniq_duvessa

Notes
Turn   | Place    | Note
-------+----------+-------------------------------------------
     0 | Abyss:1  | spiderkeys the Kobold Abyssal Knight began the quest for
                  | the Orb.
     0 | Abyss:1  | Reached XP level 1. HP: 14/14 MP: 2/2
     0 | Abyss:1  | magus.rc [v1.9.10]
   100 | Abyss:1  | Noticed a mana viper
   109 | Abyss:1  | Found a snail-covered altar of Cheibriados.
   124 | Abyss:1  | Noticed an iron imp
   159 | Abyss:2  | Found a corrupted altar of Lugonu.
   180 | Abyss:2  | Found a corrupted altar of Lugonu.
   201 | Abyss:3  | You pick up a book of the Tempests and begin reading...
   201 | Abyss:3  | You add the spells Static Discharge, Lightning Bolt,
                  | Ignition, Polar Vortex and Shatter to your library.
   216 | Abyss:3  | Noticed a small abomination
   218 | Abyss:3  | Noticed a chaos spawn
   223 | D:1      | You pass through the gate.
   223 | D:1      | Escaped the Abyss
   474 | D:1      | Reached XP level 2. HP: 13/19 MP: 3/3
   622 | D:1      | Reached skill level 3 in Short Blades
   730 | D:1      | Found a faded altar of an unknown god.
   774 | D:1      | Reached * piety under Lugonu
   838 | D:1      | Reached skill level 1 in Stealth
   859 | D:1      | Found Duisamal's Assorted Antiques.
  1073 | D:1      | Reached XP level 3. HP: 20/23 MP: 4/4
  1649 | D:1      | Reached skill level 3 in Dodging
  2351 | D:2      | Reached XP level 4. HP: 29/29 MP: 5/5
  2428 | D:1      | HP: 6/29 [gnoll (5)]
  2689 | D:1      | Reached skill level 2 in Stealth
  3198 | D:2      | Reached XP level 5. HP: 15/33 MP: 7/7
  3418 | D:2      | Reached skill level 3 in Invocations
  3457 | D:2      | Reached skill level 4 in Fighting
  3930 | D:3      | Reached ** piety under Lugonu
  3947 | D:3      | Reached skill level 4 in Short Blades
  3962 | D:3      | Reached skill level 3 in Stealth
  3970 | D:3      | Reached XP level 6. HP: 24/38 MP: 8/8
  4228 | D:3      | You pick up a book of Changes and begin reading...
  4228 | D:3      | You add the spells Beastly Appendage, Wereblood, Spider
                  | Form and Ice Form to your library.
  4374 | D:3      | Found Foafi's Weapon Shop.
  5647 | D:4      | HP: 8/39 [iguana (11)]
  5654 | D:4      | Reached skill level 4 in Dodging
  6005 | D:4      | Found Efempe's Distillery.
  6011 | D:4      | Bought a potion of heal wounds for 70 gold pieces
  6011 | D:4      | Bought a potion of curing for 42 gold pieces
  6650 | D:5      | Entered Level 5 of the Dungeon
  6704 | D:5      | Reached XP level 7. HP: 41/44 MP: 9/9
  6748 | D:5      | HP: 11/44 [sky beast (4)]
  6748 | D:5      | HP: 5/44 [sky beast (6)]
  7046 | D:5      | HP: 11/44 [something (1)]
  7053 | D:5      | Reached skill level 4 in Stealth
  7053 | D:5      | Reached skill level 4 in Invocations
  7383 | D:5      | Found an iron altar of Okawaru.
  7645 | D:5      | Reached skill level 5 in Short Blades
  7788 | D:5      | Reached skill level 5 in Fighting
  7818 | D:5      | Reached skill level 5 in Stealth
  7818 | D:5      | Reached XP level 8. HP: 26/49 MP: 11/11
  8071 | D:5      | Reached skill level 5 in Dodging
  8157 | D:5      | Reached *** piety under Lugonu
  8158 | D:5      | Noticed Duvessa
  8168 | D:5      | Banished Duvessa
  8168 | D:5      | Noticed Dowan
  8182 | D:5      | Reached skill level 6 in Short Blades
  8182 | D:5      | Reached skill level 5 in Invocations
  8415 | D:5      | Killed Dowan
  8979 | D:5      | HP: 11/51 [gnoll (5)]
  8986 | D:5      | HP: 10/51 [gnoll (2)]
  9003 | D:5      | Reached skill level 6 in Stealth
  9015 | D:5      | HP: 10/51 [orc (2)]
  9017 | D:5      | Slain by a gnoll

Vanquished Creatures
  A sky beast (D:5)
  An ice beast (D:5)
  2 ogres (D:5)
  Dowan (D:5)
  A water moccasin skeleton (D:4)
  A hound (D:5)
  A bullfrog skeleton (D:3)
  A centaur skeleton (D:3)
  2 jellies
  An iguana (D:4)
  3 orc wizards (D:5)
  A hound skeleton (D:4)
  17 gnolls
  7 adders
  2 shadow imps (D:5)
  An adder skeleton (D:4)
  2 worms
  2 dart slugs
  17 orcs
  4 ball pythons
  10 bats
  12 endoplasms
  3 giant cockroaches
  7 goblins
  7 hobgoblins
  6 jackals
  4 quokkas
  2 frilled lizards
  9 kobolds
  4 rats (D:1)
132 creatures vanquished.

Vanquished Creatures (collateral kills)
  A gnoll shaman (D:5)
  4 gnolls (D:5)
  An orc (D:5)
6 creatures vanquished.

Vanquished Creatures (others)
  A fungus (D:5)
  6 plants (D:5)
7 creatures vanquished.

Grand Total: 145 creatures vanquished

Table legend:
 A = Non-vault XP
 B = Vault XP
 C = Vault XP percentage of total XP
 D = Non-vault monster count
 E = Vault monster count
 F = Vault count percentage of total count
                 A         B        C        D         E       F
            +---------+---------+-------+---------+---------+-------
      Total |    1053 |     712 |  40.3 |      97 |      42 |  30.2
            +---------+---------+-------+---------+---------+-------
        D:1 |      87 |       4 |   4.4 |      36 |       2 |   5.3
        D:2 |      80 |       4 |   4.8 |      18 |       2 |  10.0
        D:3 |     180 |       0 |   0.0 |      15 |       0 |   0.0
        D:4 |     145 |       0 |   0.0 |      14 |       0 |   0.0
        D:5 |     561 |     704 |  55.7 |      14 |      38 |  73.1
            +---------+---------+-------+---------+---------+-------

Illustrated notes

Table legend:
 A = Kills in this place as a percentage of kills in entire the game.
 B = Kills by you in this place as a percentage of kills by you in the entire game.
 C = Kills by friends in this place as a percentage of kills by friends in the entire game.
 D = Other kills in this place as a percentage of other kills in the entire game.
 E = Experience gained in this place as a percentage of experience gained in the entire game.
 F = Experience gained in this place divided by the number of levels of this place that you have seen.
                   A       B       C       D       E      F
               +-------+-------+-------+-------+-------+----------------------
         Total | 100.0 | 100.0 | 100.0 | 100.0 | 100.0 | 220.6
       Dungeon | 100.0 | 100.0 | 100.0 | 100.0 | 100.0 | 353.0
               +-------+-------+-------+-------+-------+----------------------

Table legend: (Time is in decaauts)
 A = Elapsed time spent in this place.
 B = Non-inter-level travel time spent in this place.
 C = Inter-level travel time spent in this place.
 D = Time resting spent in this place.
 E = Time spent auto-exploring this place.
 F = Levels seen in this place.
 G = Mean time per level.
                   A        B        C        D        E       F      G
               +--------+--------+--------+--------+--------+-----+--------+
         Total |   9007 |   8598 |    409 |   1285 |   5916 |   8 | 1125.9 |
       Dungeon |   8785 |   8376 |    409 |   1285 |   5916 |   5 | 1757.0 |
         Abyss |    222 |    222 |      0 |      0 |      0 |   3 |   74.0 |
               +--------+--------+--------+--------+--------+-----+--------+

Top non-repeatable levels by time:
     D:1: 2552 daAuts
     D:5: 1903 daAuts
     D:4: 1866 daAuts
     D:2: 1261 daAuts
     D:3: 1201 daAuts
 Abyss:1: 151 daAuts
 Abyss:2: 40 daAuts
 Abyss:3: 30 daAuts
